[Event "Czech Extraliga 2023-24"]
[Site "Czech Republic"]
[Date "2024.04.06"]
[Round "9.5"]
[White "Simacek, Pavel"]
[Black "Kraus, Tomas"]
[Result "1/2-1/2"]
[ECO "D36"]
[WhiteElo "2446"]
[BlackElo "2488"]
[Annotator "TA"]
[PlyCount "46"]
[EventDate "2023.10.14"]
[EventCountry "CZE"]
[SourceTitle "playchess.com"]
[Source "ChessBase"]
[SourceQuality "1"]
[TimeControl "40/5400+30:1800+30"]

1. d4 d5 2. c4 e6 3. Nc3 Nf6 4. cxd5 exd5 5. Bg5 c6 6. e3 h6 7. Bh4 Be7 8. Bd3 Ne4 9. Bxe7 Qxe7 10. Qc2 {[%emt 0:03:34][%cal Oc3d5] [#] aiming for Nxd5!} Bf5 11. Bxe4 Bxe4 12. Nxe4 Qxe4 13. Qxe4+ dxe4 14. Ne2 Nd7 15. Ng3 Nf6 16. Rc1 g6 17. Rc5 Nd7 {[%emt 0:05:43] Inhibits Re5+.} 18. Ra5 f5 19. h4 b6 20. Ra4 Rf8 21. Ne2 Rf6 22. Nf4 Rd6 23. Ke2 Kf7 {[%emt 0:03:47] Weighted Error Value: White=0.06 (flawless) /Black=0.06 (flawless) .  Inaccurate:     	---       	Black=1      OK:         	White=4     	Black=4} 1/2-1/2

[Event "Czech Extraliga 2023-24"]
[Site "Czech Republic"]
[Date "2024.04.06"]
[Round "9.5"]
[White "Omelja, Artem"]
[Black "Bartel, Mateusz"]
[Result "1/2-1/2"]
[ECO "D94"]
[WhiteElo "2444"]
[BlackElo "2647"]
[Annotator "TA"]
[PlyCount "64"]
[EventDate "2023.10.14"]
[EventCountry "CZE"]
[SourceTitle "playchess.com"]
[Source "ChessBase"]
[SourceQuality "1"]
[TimeControl "40/5400+30:1800+30"]

1. Nf3 d5 2. e3 Nf6 3. c4 c6 4. Nc3 g6 5. d4 Bg7 6. Be2 O-O 7. O-O Be6 8. cxd5 cxd5 9. Qb3 Qb6 10. Qxb6 axb6 11. Bd2 {[%emt 0:02:42] White is slightly better.} Ne4 12. Rfc1 Nc6 13. Be1 f5 14. g3 h6 15. Nh4 Bf7 16. f4 Rfc8 17. Nb5 e6 18. Nf3 Bf8 19. a3 Na5 20. Bxa5 bxa5 21. Nc7 Rab8 22. Ne5 Bd6 (22... Nc5 $5 23. dxc5 (23. Rxc5 Bxc5 24. Nxd5 exd5 $15) 23... Rxc7 $11) 23. Nb5 Be8 {[%emt 0:01:15] The position is equal.} 24. Na7 {[%emt 0:00:52] A dynamic duo of knights.} Rd8 25. Bb5 Bf7 {[%emt 0:02:12] [#] ...Ra8 is the strong threat.} 26. Bd3 Be8 $1 27. Rc2 Ba4 {[%emt 0:01:17] White must now prevent ...Bxe5.} (27... Ra8 $5 28. Nb5 $8 Bxb5 29. Bxb5 Kg7 $16) 28. Rcc1 Kg7 29. Bb5 Bb3 {[%emt 0:03:18] [#] Hoping for ...Ra8.} 30. Bd3 Ba4 $1 31. Bb5 Bb3 {[%emt 0:01:24] ...Ra8 would now be deadly.} 32. Bd3 Ba4 $1 {[%emt 0:00:05] Weighted Error Value: White=0.06 (flawless) /Black=0.04 (flawless) .  Inaccurate:     	White=2     	Black=1      OK:         	White=8     	Black=7      Strong:       	---       	Black=3} 1/2-1/2

[Event "Czech Extraliga 2023-24"]
[Site "Czech Republic"]
[Date "2024.04.06"]
[Round "9.5"]
[White "Piesik, Piotr"]
[Black "Haba, Petr"]
[Result "1-0"]
[ECO "D18"]
[WhiteElo "2421"]
[BlackElo "2437"]
[Annotator "TA"]
[PlyCount "57"]
[EventDate "2023.10.14"]
[EventCountry "CZE"]
[SourceTitle "playchess.com"]
[Source "ChessBase"]
[SourceQuality "1"]
[TimeControl "40/5400+30:1800+30"]

1. d4 d5 2. c4 c6 3. Nc3 Nf6 4. Nf3 dxc4 5. a4 Bf5 6. e3 e6 7. Bxc4 Bb4 8. O-O O-O 9. Nh4 Nbd7 10. Nxf5 exf5 11. Qc2 g6 12. f3 Rc8 13. Kh1 Nb6 {[%emt 0:08:54] Repels e4} 14. Bb3 c5 {[%emt 0:10:34] The position is equal.} 15. dxc5 Bxc5 (15... Nbd7 $14) 16. e4 $16 f4 17. Bxf4 $18 {[%emt 0:03:02] Strongly threatening Rad1.} Nh5 {[%emt 0:00:05] [#]} 18. Qd2 (18. Bd2 $1 $18) 18... Nxf4 $16 19. Qxf4 {[%emt 0:00:06] Threatens to win with e5.} Qd4 {[%emt 0:00:07] [#]} (19... Bb4 $142) 20. a5 $1 Nc4 21. Rfd1 Qe5 22. Qxe5 Nxe5 {[%emt 0:00:02] Black is weak on the light squares} 23. Rd5 $36 {[%emt 0:04:35][%mdl 2048] White is really pushing.} Rfe8 24. h3 {[%emt 0:01:29] f4 is the strong threat.} g5 (24... Bb4 $16) 25. Ne2 (25. a6 $18 Re7 26. axb7 Rxb7 27. Rxe5 Rxb3 28. Rxg5+ Kf8 29. Ra2) 25... Be3 (25... Bf8 $16 {keeps fighting.} 26. Rad1 Rc5 27. Rxc5 Bxc5) 26. Ng3 {[%emt 0:01:46] Black must now prevent Nf5.} Rc1+ 27. Rxc1 Bxc1 28. Nh5 {[%emt 0:05:35] aiming for Nf6+.} Kh8 $2 (28... Kf8 29. Ba4 Nc6) 29. Ba4 {[%emt 0:00:28] Weighted Error Value: White=0.19 (very precise) /Black=0.52.  Mistake:       	White=2     	Black=6      Inaccurate:     	---       	Black=1      OK:         	White=8     	Black=5      Best:        	White=1     	---} 1-0

[Event "Czech Extraliga 2023-24"]
[Site "Czech Republic"]
[Date "2024.04.06"]
[Round "9.5"]
[White "Shagbazyan, Taron"]
[Black "Polak, Tomas"]
[Result "1/2-1/2"]
[ECO "A50"]
[WhiteElo "2403"]
[BlackElo "2525"]
[Annotator "TA"]
[PlyCount "83"]
[EventDate "2023.10.14"]
[EventCountry "CZE"]
[SourceTitle "playchess.com"]
[Source "ChessBase"]
[SourceQuality "1"]
[TimeControl "40/5400+30:1800+30"]

1. d4 Nf6 2. c4 b6 3. Nc3 Bb7 4. Qc2 d5 5. cxd5 Nxd5 6. Nf3 e6 7. e4 Nxc3 8. bxc3 Be7 9. Bd3 {[%emt 0:04:00] White has an edge.} O-O 10. O-O c5 ({Black should try} 10... Qc8 $14) 11. d5 $1 $16 exd5 (11... Nd7 $14) 12. exd5 h6 13. Bf4 (13. c4 $16) 13... Bd6 $14 14. Bxd6 Qxd6 15. c4 Nd7 16. a4 Rfe8 17. a5 Rab8 18. axb6 axb6 19. Rab1 Nf6 20. h3 Bc8 21. Rfe1 Bd7 22. Re3 Kf8 23. Rbe1 (23. Rxe8+ {simplifies} Bxe8 24. Bf1 Bd7 25. Ra1) 23... b5 24. Ne5 bxc4 $1 25. Bxc4 Bb5 (25... Kg8 $11 {remains equal.}) 26. Bxb5 $16 Rxb5 {[%emt 0:00:05] [#]} 27. Nc4 $1 {[%emt 0:01:11] Threatening mate with Rxe8+. White is more active.} Rxe3 28. Nxe3 (28. Nxd6 $16 Rxe1+ 29. Kh2) 28... Rb8 29. Rd1 Kg8 30. Nf5 Qe5 31. Ne3 {[%emt 0:01:25] The position is equal.} (31. d6 {looks sharper.} Rb2 32. Ne7+ Kh8 33. Qf5) 31... Nd7 32. Nc4 Qf4 33. Re1 Qd4 34. d6 Ra8 35. Kh2 Qf4+ 36. g3 Qd4 37. Rd1 Qf6 38. Kg2 Qe6 39. Ne3 Ra2 40. Qc4 Qxc4 41. Nxc4 g6 42. Re1 {[%emt 0:00:00] Weighted Error Value: White=0.12 (very precise) /Black=0.10 (very precise) .  Mistake:       	White=2     	Black=3      Inaccurate:     	White=2     	Black=3      OK:         	White=8     	Black=15     Best:        	White=1     	Black=1      Strong:       	White=2     	Black=1} 1/2-1/2

[Event "Czech Extraliga 2023-24"]
[Site "Czech Republic"]
[Date "2024.04.06"]
[Round "9.6"]
[White "Sasikiran, Krishnan"]
[Black "Konopka, Michal"]
[Result "1-0"]
[ECO "D45"]
[WhiteElo "2570"]
[BlackElo "2346"]
[Annotator "TA"]
[PlyCount "49"]
[EventDate "2023.10.14"]
[EventCountry "CZE"]
[SourceTitle "playchess.com"]
[Source "ChessBase"]
[SourceQuality "1"]
[TimeControl "40/5400+30:1800+30"]

1. d4 d5 2. c4 c6 3. Nf3 Nf6 4. Nc3 e6 5. e3 Nbd7 6. Qc2 Bd6 7. Be2 O-O 8. O-O Qe7 9. b3 b6 10. Bb2 Bb7 11. a4 a5 12. Rad1 Rfe8 13. Bd3 Rad8 14. e4 {[%emt 0:14:50] The position is equal.} dxe4 15. Nxe4 Nxe4 16. Bxe4 Nf8 17. Rfe1 Ng6 18. g3 Qf8 {[%emt 0:00:00] [#]} (18... f6 $14) 19. Ng5 $1 $16 f5 {[%emt 0:00:00] A mistake that costs the game.} (19... Bb4 $16) 20. Bd3 Bc8 {[%emt 0:02:00] [#]} 21. c5 $1 bxc5 (21... h6 22. cxd6 hxg5) 22. Bc4 $18 {[%cal Re1e6] Strongly threatening Rxe6.} cxd4 (22... Qf6 $142) 23. Bxd4 {[%cal Re1e6] Rxe6 is the strong threat. White is clearly winning.} (23. Bxe6+ Bxe6 24. Nxe6 Rxe6 25. Rxe6 Qf7 $18) 23... Bb4 24. Rxe6 Bxe6 25. Bxe6+ {[%emt 0:04:28] Weighted Error Value: White=0.40/Black=0.60.  Mistake:       	---       	Black=4      Inaccurate:     	White=2     	Black=2      OK:         	White=4     	Black=3      Best:        	White=1     	---        Strong:       	White=1     	---} ({Weaker is} 25. Nxe6 Rxe6 26. Bxe6+ Kh8 $18) 1-0

[Event "Czech Extraliga 2023-24"]
[Site "Czech Republic"]
[Date "2024.04.06"]
[Round "9.6"]
[White "Baklan, Vladimir"]
[Black "Finek, Vaclav"]
[Result "1/2-1/2"]
[ECO "C42"]
[WhiteElo "2531"]
[BlackElo "2431"]
[Annotator "TA"]
[PlyCount "43"]
[EventDate "2023.10.14"]
[EventCountry "CZE"]
[SourceTitle "playchess.com"]
[Source "ChessBase"]
[SourceQuality "1"]
[TimeControl "40/5400+30:1800+30"]

1. e4 e5 2. Nf3 Nf6 3. Nxe5 d6 4. Nf3 Nxe4 5. Nc3 Nxc3 6. dxc3 Be7 7. Bf4 O-O 8. Qd2 Nd7 9. O-O-O Nc5 10. h4 c6 (10... Re8 $11) 11. Re1 {[%emt 0:01:44][%cal Oe1e7] [#] Black must now prevent Rxe7!} d5 12. Bd3 {[%emt 0:01:12] Dodges Ne4} Bd6 13. Bxd6 Qxd6 14. Kb1 Bd7 15. h5 h6 16. Ne5 Rae8 {[%emt 0:03:55][%cal Ba8e8,Be8e7,Be7d7][%mdl 32] The position is equal.} 17. f4 Re7 18. g4 Rfe8 19. Reg1 Nxd3 20. Qxd3 f6 21. Nxd7 Rxd7 22. g5 {[%emt 0:01:53] Weighted Error Value: White=0.11 (very precise) /Black=0.09 (flawless) .  Mistake:       	---       	Black=1      Inaccurate:     	White=3     	---        OK:         	White=6     	Black=6      Best:        	White=1     	---} 1/2-1/2

[Event "Czech Extraliga 2023-24"]
[Site "Czech Republic"]
[Date "2024.04.06"]
[Round "9.6"]
[White "Straka, Vojtech"]
[Black "Nemec, Jachym"]
[Result "1/2-1/2"]
[ECO "D35"]
[WhiteElo "2439"]
[BlackElo "2393"]
[Annotator "TA"]
[PlyCount "145"]
[EventDate "2023.10.14"]
[EventCountry "CZE"]
[SourceTitle "playchess.com"]
[Source "ChessBase"]
[SourceQuality "1"]
[TimeControl "40/5400+30:1800+30"]

1. c4 e6 2. Nc3 d5 3. d4 Nf6 4. cxd5 exd5 5. Bg5 Bb4 6. e3 h6 7. Bxf6 Qxf6 8. Qa4+ Nc6 9. Bb5 Bxc3+ 10. bxc3 O-O 11. Nf3 Bg4 12. Be2 Ne7 13. h3 Bxf3 14. Bxf3 c6 15. c4 dxc4 16. Qxc4 Nf5 17. O-O Rfe8 18. Rfd1 Rad8 19. Rab1 Nh4 20. Qe2 (20. Rxb7 $2 Nxf3+ 21. gxf3 Qxf3 $19) 20... Re7 21. Rbc1 g6 (21... Nxf3+ {simplifies} 22. Qxf3 Qxf3 23. gxf3 Rd5) 22. Rc4 h5 23. Rb1 Rd6 24. a4 Qf5 25. Rcb4 b6 (25... Rxd4 {simplifies} 26. Rxb7 Nxf3+ 27. Qxf3 Qxf3 28. gxf3 Rxb7 29. Rxb7 Rxa4 30. Rc7 g5) 26. Rc1 Ree6 27. Rbc4 Kg7 28. Kh1 (28. Bxc6 $2 Rxc6 29. Rxc6 Rxc6 30. Rxc6 Qd5 $17) (28. Kf1 $11) 28... Rf6 $1 $15 29. e4 (29. Bxc6 Rxc6 (29... Qxf2 30. Qxf2 Rxf2 31. e4 $11) 30. Rxc6 Rxc6 31. Rxc6 Qe4 $17) 29... Qg5 (29... Qe6 $1 $17 {[%cal Of6f3] Strongly threatening ...Rxf3!} 30. Qb2 (30. e5 $2 Rxf3 31. Qf1 Nxg2 $19) 30... Nxf3) 30. Rg1 $2 (30. e5 $2 Rxf3 31. Qf1 Rxd4 (31... Nxg2 32. Qxg2 Qf4 33. exd6 $11) 32. gxf3 (32. Rxd4 $2 Nxg2 33. Qxg2 Qxc1+ 34. Kh2 Qc3 $19) 32... Nxf3 (32... Qxe5 33. Re1 $17) 33. Rxd4 Qxe5 $19 (33... Nxd4 $2 34. Qe1 $17)) (30. Qe3 $1 $18 Nxf3 31. e5) 30... Rf4 31. e5 (31. Qe3 $15 Nxf3 32. gxf3) 31... Rdxd4 (31... Nxf3 $1 $17 32. exd6 Nxg1 33. Kxg1 Qd5) 32. Rxd4 Rxd4 33. Bxc6 Rd2 34. Qe1 Nf5 35. Rf1 $1 Qf4 36. Kg1 Rc2 37. Be4 Rc4 38. Bxf5 Qxf5 {[%emt 0:00:06][%mdl 4096] Endgame. KQR-KQR} 39. Qa1 Kh7 40. a5 b5 41. Qb2 (41. Re1 $15) 41... a6 $36 {[%emt 0:03:16][%mdl 2048] Black is in control.} 42. Re1 Re4 $1 43. Rc1 (43. Re2 $17) 43... Qxe5 (43... Rxe5 $19 44. Rd1 Qf6) 44. Qxe5 Rxe5 $19 {[%emt 0:00:39] KR-KR} 45. Rc6 Re6 46. Rc7 Kg7 47. Kh2 (47. Ra7 $17) 47... Kf6 48. Kg3 (48. f4 $142) 48... Rd6 (48... Re7 $1 $19 49. Rc6+ Ke5 (49... Re6 50. Rc7 $17) 50. Rxa6 Kd4) 49. Kf4 $17 Re6 (49... Kg7 $17 {And now ...Rd4+ would win.} 50. Ra7 Rf6+ 51. Ke3 Re6+ 52. Kd4 Rf6) 50. h4 (50. Kg3 $1 $11) 50... Rd6 51. f3 (51. Ke3 $17) 51... Rd4+ $1 $19 52. Ke3 Rxh4 53. Rc6+ Kg5 54. Rxa6 Ra4 55. g3 Ra3+ (55... f6 $142 $1 56. Ra7 b4) 56. Kf2 (56. Ke2 $142) 56... f6 $1 $17 57. Ke2 Kf5 58. Ra8 {[%emt 0:00:41] [#]} g5 $1 59. a6 {[%emt 0:00:25] [#]} h4 $1 60. gxh4 gxh4 {[%emt 0:00:01] aiming for ...Kf4.} 61. Rb8 $2 (61. Rh8 $17 {keeps fighting.}) 61... Rxa6 $2 (61... Kf4 $19 62. Rxb5 Ra2+ (62... Rxf3 63. Rf5+ Kxf5 64. Kxf3 h3 65. a7 h2 66. Kg2 Kg5 67. a8=Q) (62... Rxa6 63. Rb4+ Kg3 64. Rg4+ Kh3 65. Rg6 $11) 63. Kf1 Kg3 (63... Rxa6 64. Kg2 $11) (63... Kxf3 64. Rf5+ Kg3 65. Rxf6 $11)) 62. Rxb5+ $11 Kf4 63. Rb4+ Kg5 {[%emt 0:01:23] ...Ra2+ would now be deadly.} 64. Rg4+ Kh5 65. Rg8 f5 66. Kf2 Rh6 67. Rf8 (67. f4 $11 Rg6 68. Rxg6 Kxg6 69. Kg2) 67... Kg5 $1 $15 68. Ra8 h3 (68... Rh5 $15) 69. Kg3 $11 {[%emt 0:00:08] The position is equal.} h2 70. f4+ Kh5 (70... Kg6 $5 71. Ra6+ $8 Kh5 72. Rxh6+ Kxh6 73. Kxh2 Kg7 $11) 71. Kxh2 Kg4+ 72. Kg2 Rb6 73. Ra3 {[%emt 0:00:13] White happily takes the draw.   Weighted Error Value: White=0.23 (precise) /Black=0.19 (very precise) .  Loses game:     	White=1     	Black=1      Missed win:     	White=1     	Black=1      Mistake:       	White=10    	Black=6      Inaccurate:     	White=1     	Black=1      OK:         	White=19    	Black=23     Best:        	White=12    	Black=5      Strong:       	White=1     	Black=7} 1/2-1/2

[Event "Czech Extraliga 2023-24"]
[Site "Czech Republic"]
[Date "2024.04.06"]
[Round "9.6"]
[White "Biolek, Richard Jr."]
[Black "Gnojek, Petr"]
[Result "1/2-1/2"]
[ECO "B18"]
[WhiteElo "2416"]
[BlackElo "2428"]
[Annotator "RC"]
[PlyCount "86"]
[EventDate "2023.10.14"]
[EventCountry "CZE"]
[SourceTitle "playchess.com"]
[Source "ChessBase"]
[SourceQuality "1"]
[TimeControl "40/5400+30:1800+30"]

1. e4 c6 2. Nc3 d5 3. d4 dxe4 4. Nxe4 Bf5 5. Ng3 Bg6 6. Nh3 Nf6 7. Nf4 e5 8. Nxg6 hxg6 9. dxe5 Qxd1+ 10. Kxd1 Ng4 11. Ke2 Nxe5 12. f4 Ng4 13. h3 Nf6 14. Kf3 Bc5 15. Bc4 O-O 16. Re1 Nbd7 17. Be3 Rfe8 18. Rad1 Rxe3+ 19. Rxe3 Bxe3 20. Kxe3 Re8+ 21. Kf3 Nc5 22. b4 Na4 23. Bb3 Nc3 24. Rd3 Ncd5 25. a3 Kf8 26. c4 Nc7 27. Nf1 c5 28. Ba4 Rc8 29. Nd2 Ne6 30. g3 b6 31. Kf2 Ke7 32. Bd1 Rc6 33. Bf3 Rd6 34. Rxd6 Kxd6 35. Nb3 g5 36. bxc5+ bxc5 37. Ke3 gxf4+ 38. gxf4 Nd7 39. Bg4 Nef8 40. Nd2 Nb6 41. h4 g6 42. h5 gxh5 43. Bxh5 f5 1/2-1/2

[Event "Czech Extraliga 2023-24"]
[Site "Czech Republic"]
[Date "2024.04.06"]
[Round "9.6"]
[White "Smolik, Jachym"]
[Black "Rydl, Jiri"]
[Result "0-1"]
[ECO "A11"]
[WhiteElo "2351"]
[BlackElo "2410"]
[Annotator "TA"]
[PlyCount "90"]
[EventDate "2023.10.14"]
[EventCountry "CZE"]
[SourceTitle "playchess.com"]
[Source "ChessBase"]
[SourceQuality "1"]
[TimeControl "40/5400+30:1800+30"]

1. Nf3 d5 2. e3 Nf6 3. c4 c6 4. Nc3 Bg4 5. cxd5 Bxf3 6. gxf3 cxd5 7. Qb3 Qd7 8. d4 {[%emt 0:04:59] The position is equal.} Nc6 9. Bb5 e6 10. Bd2 Rc8 11. Na4 (11. Rc1 $11) 11... Be7 12. Rc1 O-O 13. O-O Rc7 14. Rc3 (14. Ba5 $11 Rcc8 (14... Nxa5 $2 {loses.} 15. Bxd7 Rxc1 16. Qb5 $18) 15. Bd2) 14... Rfc8 15. Rfc1 h5 16. Nc5 Bxc5 17. Rxc5 a6 18. Be2 Ne7 19. Qb6 Rxc5 20. Rxc5 Rxc5 21. Qxc5 Nf5 22. Bb4 Nh7 23. b3 Qd8 24. Kf1 b6 25. Qc6 a5 $36 {[%emt 0:00:06][%mdl 2048] Black has some pressure.} 26. Bc3 Ng5 27. Ke1 {[%emt 0:05:20] [#]} (27. f4 $11 {keeps the balance.} Ne7 28. Qa4) 27... Nh3 $1 $17 {[%emt 0:02:44] ...Qh4 is the strong threat. Black keeps a firm grip on the game.} 28. Bf1 (28. e4 $17 {was worth a try.} Nh4 29. exd5 exd5 30. Bd2) 28... Ng1 $19 29. Bg2 $2 (29. Kd1) 29... Nh4 30. Kf1 (30. Bh1) 30... Qg5 {[%emt 0:00:19] Black is clearly winning.} 31. Bh1 Qg6 32. e4 Nh3 {[%emt 0:00:59] White must now prevent ...Qg1+.} 33. Ke2 Qg1 34. Qe8+ Kh7 35. Qxf7 Ng6 (35... Qxh1 36. Qxh5+ Kg8 37. Qe8+ Kh7 38. Qh5+ Kg8 39. Qe8+ Kh7 40. Qh5+ $11) 36. Bd2 Qxh1 37. exd5 exd5 38. Qf5 {[%emt 0:00:43] Prevents Qb1.} Ng1+ (38... Qxh2 39. Qxh5+ Kg8 40. Qxd5+ (40. Qxg6 Qxf2+ 41. Kd1 Qxf3+ 42. Ke1 Nf2 $17) 40... Kh8 41. Qh5+ Kg8 42. Qxg6 Qxf2+ 43. Kd3 Qxf3+ 44. Kc4 $11) 39. Ke3 Qxh2 40. Qxd5 Qf4+ 41. Kd3 Qxf3+ 42. Qxf3 Nxf3 43. Be3 h4 44. Ke2 {[%emt 0:01:02] [#]} Nxd4+ $1 45. Bxd4 (45. Kf1 h3) 45... h3 {[%emt 0:02:12] Weighted Error Value: White=0.94/Black=0.18 (very precise) .  Mistake:       	White=6     	---        Inaccurate:     	---       	Black=3      OK:         	White=8     	Black=14     Best:        	---       	Black=1} 0-1

[Event "Czech Extraliga 2023-24"]
[Site "Czech Republic"]
[Date "2024.04.06"]
[Round "9.7"]
[White "Jirovsky, Milos"]
[Black "Kusa, Jakub"]
[Result "1/2-1/2"]
[ECO "A13"]
[WhiteElo "2458"]
[BlackElo "2350"]
[Annotator "TA"]
[PlyCount "80"]
[EventDate "2023.10.14"]
[EventCountry "CZE"]
[SourceTitle "playchess.com"]
[Source "ChessBase"]
[SourceQuality "1"]
[TimeControl "40/5400+30:1800+30"]

1. Nf3 d5 2. c4 e6 3. g3 dxc4 4. Qa4+ Nd7 5. Bg2 a6 6. Qxc4 b5 7. Qc2 Bb7 8. O-O c5 9. a4 Ngf6 10. axb5 axb5 11. Rxa8 Qxa8 12. Na3 Bc6 13. d3 Be7 14. Bg5 (14. Nh4 $11) 14... O-O $15 {[%emt 0:01:57][%cal Bh8f8,Bf8b8,Bb8b2][%mdl 32] Black is slightly better.} 15. Ne1 Bxg2 16. Nxg2 Qc6 17. Rc1 h6 18. Bxf6 Bxf6 19. Ne1 Rb8 20. Nf3 {[%emt 0:01:42] The position is equal.} Qd5 21. Nb1 c4 22. dxc4 bxc4 23. Qxc4 Qxc4 24. Rxc4 Rxb2 25. Nbd2 Ne5 26. Rc8+ Kh7 27. Kf1 Nxf3 28. Nxf3 $11 {[%emt 0:00:04][%mdl 4096] Endgame. KRB-KRN} g6 29. Rc7 Kg8 30. h4 h5 31. e3 Rb1+ 32. Kg2 Rb4 33. Nd2 Be5 34. Rc5 Bd6 35. Rc6 Be7 36. Kf3 Rb7 37. Ne4 Kg7 38. Nc5 Bxc5 39. Rxc5 Kf6 40. Rc4 Rb5 {[%emt 0:00:11] Weighted Error Value: White=0.02 (flawless) /Black=0.02 (flawless) .  Mistake:       	White=1     	---        OK:         	White=13    	Black=8      Best:        	---       	Black=1} 1/2-1/2

[Event "Czech Extraliga 2023-24"]
[Site "Czech Republic"]
[Date "2024.04.06"]
[Round "9.7"]
[White "Mica, Marek"]
[Black "Velicka, Petr"]
[Result "1-0"]
[ECO "D15"]
[WhiteElo "2364"]
[BlackElo "2369"]
[Annotator "RC"]
[PlyCount "107"]
[EventDate "2023.10.14"]
[EventCountry "CZE"]
[SourceTitle "playchess.com"]
[Source "ChessBase"]
[SourceQuality "1"]
[TimeControl "40/5400+30:1800+30"]

1. d4 d5 2. c4 c6 3. Nf3 Nf6 4. Qb3 Qb6 5. Nc3 Bf5 6. c5 Qc7 7. Bf4 Qc8 8. h3 h6 9. e3 e6 10. Be2 Be7 11. O-O O-O 12. Rfc1 Nbd7 13. Qd1 Bd8 14. b4 Bc7 15. Bxc7 Qxc7 16. b5 Ne4 17. a4 Nxc3 18. Rxc3 Be4 19. Nd2 Bh7 20. a5 cxb5 21. Bxb5 a6 22. Bxd7 Qxd7 23. Qa4 Rfd8 24. Qxd7 Rxd7 25. Ra2 Rc8 26. Rb2 Kf8 27. Rb6 Ke7 28. c6 Rxc6 29. Rcxc6 bxc6 30. Nb3 Ra7 31. Nc5 Kd6 32. Kf1 e5 33. Ke2 Bf5 34. Rxa6 Rxa6 35. Nxa6 exd4 36. exd4 c5 37. Nxc5 Kc6 38. Ke3 Bc8 39. Kf4 f6 40. g4 Kb5 41. a6 Bxa6 42. Ne6 Kc4 43. Ke3 g5 44. Ng7 Kc3 45. Nh5 Bc8 46. Nxf6 Be6 47. Nh5 Bf7 48. Ng3 Be6 49. Ne2+ Kc4 50. f4 gxf4+ 51. Nxf4 Bd7 52. Nd3 Kc3 53. Ne5 Be6 54. h4 1-0

[Event "Czech Extraliga 2023-24"]
[Site "Czech Republic"]
[Date "2024.04.06"]
[Round "9.7"]
[White "Jurcik, Martin"]
[Black "Kaczur, Florian"]
[Result "0-1"]
[ECO "C47"]
[WhiteElo "2361"]
[BlackElo "2532"]
[Annotator "TA"]
[PlyCount "79"]
[EventDate "2023.10.14"]
[EventCountry "CZE"]
[SourceTitle "playchess.com"]
[Source "ChessBase"]
[SourceQuality "1"]
[TimeControl "40/5400+30:1800+30"]

1. e4 e5 2. Nf3 Nc6 3. Nc3 Nf6 4. d4 Bb4 5. Nxe5 Qe7 6. Qd3 Nxe5 7. dxe5 Qxe5 8. Bd2 O-O 9. O-O-O Bxc3 10. Bxc3 Qf4+ 11. Rd2 Re8 12. f3 d5 {[%emt 0:00:15] White is slightly better.} 13. e5 {[%emt 0:01:05][%cal Og2g3] Threatening g3!} (13. exd5 $2 Re1#) 13... c6 14. Qd4 (14. exf6 $2 Re1#) 14... Qxd4 15. Bxd4 Nd7 {[%emt 0:01:10] Black is weak on the dark squares} 16. f4 b6 17. g3 f6 18. exf6 Nxf6 19. Bg2 Bf5 20. b3 Be4 21. Bxe4 Nxe4 22. Re2 b5 23. Rhe1 a5 24. Kb2 (24. c4 $11) 24... Kf7 25. a3 g6 26. Be5 Nc5 (26... a4 {keeps more tension.} 27. c4 axb3 28. cxd5 cxd5 29. Rc1 Rec8) 27. Bd4 Rxe2 28. Rxe2 $11 {[%emt 0:00:05][%mdl 4096] Endgame. KRB-KRN} Ne4 29. g4 (29. c4 $11 {remains equal.}) 29... c5 (29... Ke6 $17 30. c4 bxc4 31. bxc4 Rf8 32. cxd5+ cxd5) 30. Be5 a4 (30... Ke6 $15) 31. bxa4 (31. c4 $1 $11 bxc4 32. bxc4) 31... Rxa4 $17 32. Re3 {[%emt 0:00:33] [#]} (32. c3 $17 {might work better.}) 32... Ke6 (32... Nd2 $1 $19 {[%cal Rd2c4] Hoping for ...Nc4+.} 33. Rh3 Nc4+ 34. Kc1 d4 (34... Nxa3 35. Rxh7+ Ke6 36. h4 $15) (34... Rxa3 35. Rxa3 Nxa3 36. Bd6 $11)) 33. Rh3 {[%emt 0:00:20] [#]} (33. Rb3 $1 $15) 33... Ra7 (33... d4 $142 $1 34. Rxh7 Nd2) 34. Rh6 $2 {[%emt 0:00:41] White does not recover from this.} (34. Bb8 $17 {was worth a try.} Re7 35. f5+ Kf6 (35... gxf5 36. gxf5+ Kd7 37. c3 $15) 36. fxg6 hxg6 37. Rh8) 34... d4 {[%emt 0:01:13] Threatens to win with ...Kd5.} 35. Bh8 $2 (35. Bb8 {was the crucial defense.} Rf7 36. Kc1) 35... Kd5 $19 36. f5 b4 37. axb4 c4 {[%emt 0:00:01] ( -> ...c3+)} 38. c3 d3 39. fxg6 hxg6 40. Rxg6 {[%emt 0:00:00] Weighted Error Value: White=0.66/Black=0.16 (very precise) .  Loses game:     	White=1     	---        Mistake:       	White=6     	Black=4      Inaccurate:     	White=2     	Black=1      OK:         	White=8     	Black=11     Best:        	White=1     	Black=2} 0-1